 Dungeon Crawl Stone Soup version bcrawl-1.40.3b (webtiles) character file.

Game seed: 9250792922530042765

11366228 Galewind the Devastator (level 17, -1/102 HPs)
             Began as an Avariel Conjurer on Mar 10, 2024.
             Was a High Priest of Vehumet.
             Succumbed to a guardian serpent's bolt of poison
             ... on level 1 of the Snake Pit on Mar 11, 2024.
             The game lasted 00:42:54 (24453 turns).

Galewind the Devastator (Avariel Conjurer)         Turns: 24453, Time: 00:42:55

Health: -1/102     AC: 10    Str:  6      XL:     17   Next: 5%
Magic:  49/49      EV: 27    Int: 29      God:    Vehumet [*****.]
Gold:   2017       SH:  0    Dex: 18 (20) Spells: 6/44 levels left

rFire    . . .     GDR:     29% h - staff of power
rCold    + . .     SeeInvis .   (no shield)
rNeg     . . .     Gourm    .   y - +1 robe of Rationality {rPois Dex+2}
rPois    +         Faith    .   R - +2 hat
rElec    +         Spirit   .   V - scarf {clouds}
rCorr    .         Reflect  .   A - +0 pair of hand wraps "Fists of Thunder" {elec, rElec Slay+2}
MR       +....                  q - +0 pair of boots
Stlth    ++........             J - amulet of magic regeneration
HPRegen  0.27/turn              u - ring of protection from cold
MPRegen  0.67/turn              G - ring of Greed {+Inv rElec AC+3 Dex+5}

@: lethally poisoned (-1 -> -12), no potions, flying quickly and evasively,
quick
A: deterioration 1, able to fly
}: 1/15 runes: decaying
a: Stop Flying, Renounce Religion, Evoke Fog, Evoke Invisibility


You were on level 1 of the Snake Pit.
You worshipped Vehumet.
Vehumet was extremely pleased with you.
You were not hungry.

You visited 6 branches of the dungeon, and saw 22 of its levels.

You collected 2958 gold pieces.
You spent 941 gold pieces at shops.

Inventory:

Hand Weapons
 a - a +1 lajatang of electrocution
Armour
 q - a +0 pair of boots (worn)
 y - the +1 robe of Rationality (worn) {rPois Dex+2}
   (You found it on level 5 of the Lair of Beasts)

   It affects your dexterity (+2).
   It protects you from poison.
 A - the +0 pair of hand wraps "Fists of Thunder" (worn) {elec, rElec Slay+2}
   (You found it on level 6 of the Lair of Beasts)

   It affects your accuracy and damage with ranged weapons and melee attacks
   (+2).
   It insulates you from electricity.
 R - a +2 hat (worn)
 V - a scarf of clouds (worn)
Magical Staves
 h - an uncursed staff of power (weapon)
 M - an uncursed staff of wizardry
Jewellery
 u - a ring of protection from cold (left hand)
 w - an uncursed ring of fire
 G - the ring of Greed (right hand) {+Inv rElec AC+3 Dex+5}
   (You found it on level 9 of the Dungeon)

   [ring of protection]

   It affects your AC (+3).
   It affects your dexterity (+5).
   It insulates you from electricity.
   It lets you turn invisible.
 J - an amulet of magic regeneration (around neck)
Wands
 f - a wand of clouds (10)
 o - a wand of digging (8)
 t - a wand of acid (6)
 H - a wand of disintegration (30)
 Q - a wand of scattershot (6)
 W - a wand of iceblast (16)
Scrolls
 d - 5 scrolls of immolation
 g - 12 scrolls of remove curse
 l - 7 scrolls of teleportation
 p - 2 scrolls of amnesia
 v - 3 scrolls of fog
 x - 2 scrolls of summoning
 E - a scroll of torment
 F - a scroll of enchant weapon
 N - 2 scrolls of enchant armour
 O - 3 scrolls of revelation
 S - 2 scrolls of blinking
 X - 2 scrolls of fear
 Y - 4 scrolls of noise
 Z - a scroll of vulnerability
Potions
 b - 3 potions of invisibility
 c - 2 potions of magic
 j - 6 potions of curing
 k - 3 potions of agility
 m - 6 potions of brilliance
 n - 2 potions of might
 r - 4 potions of heal wounds
 s - a potion of resistance
 z - 3 potions of lignification
 B - 3 potions of flight
 D - a potion of haste
 T - a potion of berserk rage
Comestibles
 e - 33 rations {!d}


   Skills:
 - Level 10.0 Fighting
   Level 4.8 Axes
 - Level 11.1 Staves
 + Level 13.2 Dodging
 - Level 2.1 Stealth
 - Level 14.0 Spellcasting
 - Level 17.0 Conjurations
   Level 6.0 Charms
 - Level 8.3 Fire Magic
 - Level 10.0 Ice Magic
 - Level 7.0 Air Magic
 - Level 0.1 Evocations


You had 6 spell levels left.
You knew the following spells:

 Your Spells              Type           Power        Failure   Level  Hunger
a - Ozocubu's Refrigerat  Ice            ######....   1%          6    ###....
c - Iskenderun's Mystic   Conj           #######.     0%          3    None
d - Orb of Destruction    Conj           #######...   1%          7    #####..
e - Freezing Cloud        Ice/Air        ######..     1%          5    None
f - Sticky Flame          Conj/Fire      #######.     1%          4    None
g - Icicle Burst          Conj/Ice       #######...   2%          7    #####..
i - Bolt of Cold          Conj/Ice       #######...   1%          6    ###....

Your spell library contained the following spells:

 Spells                   Type           Power        Failure   Level  Hunger
 Flame Tongue             Conj/Fire      #####        0%          1    None
 Magic Dart               Conj           ####         0%          1    None
 Searing Ray              Conj           #######.     0%          2    None
 Throw Frost              Conj/Ice       ######       0%          2    None
 Freeze                   Ice            ######       1%          1    None
 Sandblast                Erth           ###...       1%          1    None
 Ensorcelled Hibernation  Hex/Ice        #####.       1%          2    None
 Flaming Arrows           Chrm/Fire      ######..     1%          2    None
 Poisonous Vapours        Pois/Air       #####.       1%          2    None
 Conjure Flame            Conj/Fire      #######.     1%          3    None
 Dazzling Orbs            Conj/Hex       ######.      1%          3    None
 Inner Flame              Hex/Fire       N/A          1%          3    None
 Mephitic Cloud           Conj/Pois/Air  ######..     1%          3    None
 Ozocubu's Armour         Chrm/Ice       ######..     1%          3    None
 Stone Arrow              Conj/Erth      ######       1%          3    None
 Fulminant Prism          Conj/Hex       ######....   1%          4    None
 Throw Icicle             Conj/Ice       #######.     1%          4    None
 Fireball                 Conj/Fire      #######...   1%          5    None
 Irradiate                Conj/Tmut      ######....   1%          5    None
 Iskenderun's Battlesphe  Conj/Chrm      ######..     1%          5    None
 Conjure Ball Lightning   Conj/Air       ######....   1%          6    ###....
 Corona                   Hex            ###....      2%          1    None
 Slow                     Hex            ###.....     2%          1    None
 Passwall                 Tmut/Erth      ###.....     3%          2    None
 Shackle                  Hex            ###.....     3%          2    None
 Ice Form                 Ice/Tmut       #####...     3%          4    None
 Summon Ice Beast         Ice/Summ       #####...     3%          4    None
 Steam Barrier            Chrm/Fire      ######....   3%          5    None
 Piercing Shot            Chrm           ######....   6%          5    None
 Yara's Violent Unravell  Hex/Tmut       ###.......   7%          4    None
 Confuse                  Hex            ###.....     8%          3    None
 False Image              Hex/Summ       ###.....     8%          3    None
 Tukima's Dance           Hex            ###.....     8%          3    None
 Metabolic Englaciation   Hex/Ice        #####.....   9%          5    None
 Lee's Rapid Deconstruct  Erth           ###.......   19%         5    None
 Cause Fear               Hex            ###.......   24%         4    None
 Petrify                  Tmut/Erth      ###.......   24%         4    None
 Simulacrum               Ice/Necr       #####...     43%         6    ###....
 Spellforged Servitor     Conj/Summ      ######....   54%         7    #####..
 Time Stop                Chrm/Tloc      N/A          100%        8    ######.


Dungeon Overview and Level Annotations

Branches:
Dungeon (9/12)             Temple (1/1) D:4            Lair (6/6) D:9
  Swamp (3/3) Lair:2        Snake (2/3) Lair:3        Slime (0/5) Orc
    Orc (1/1) D:8             Elf (0/3) Lair:5

Altars:
Ashenzari
Cheibriados
Dithmenos
Elyvilon
Fedhas
Gozag
Hepliaklqana
Kikubaaqudgha
Lugonu
Makhleb
Nemelex Xobeh
Okawaru
Qazlal
Ru
Sif Muna
Trog
Uskayaw
Vehumet
Wu Jian
Xom
Yredelemnul
Zin
The Shining One
Jiyva

Shops:
D:5 *   D:7 }   D:8 !   Orc =*%(   Snake:1 :

Annotations:
Lair:3 2 transporters, tronn's ghost, journeyman GnAc
Lair:6 1 runed translucent door


Innate Abilities, Weirdness & Mutations

You can fly continuously.
Your body sometimes deteriorates upon taking damage.


Message History

You fly upwards.
* * * LOW HITPOINT WARNING * * *
You feel very sick.
There is a stone staircase leading down here.
Unknown command.
Unknown command.
You cannot drink potions in your current state!
Unknown command.
Okay, then.
You cannot drink potions in your current state!
* * * LOW HITPOINT WARNING * * *
You feel sick.
Okay, then.
Casting: Ozocubu's Refrigeration (safe; 1% risk of failure)
Confirm with . or Enter, or press ? or * to list all spells.
Okay, then.
You cannot drink potions in your current state!
* * * LOW HITPOINT WARNING * * *
You feel sick.
You die...

######...# ##..##
#...##..## #...#####
........# ##..##..##
........#####.....#..##
#......###.......####.#
#......#......##..# ###
##.........#####..#
..#......###.....>##
.....#..........@..##
....###.............##
...## #...........##.#
.### ##........######
## ##......## #
##....## #...## ##..#
#..#


There were no monsters in sight!

Vanquished Creatures
  Rupert (Lair:4)
  2 thorn hunters
  An azure jelly (Swamp:3)
  Kirke (Swamp:2)
  2 nagarajas (Snake:1)
  The ghost of Rhok the Warrior, an adept GrEE of Vehumet (Swamp:3)
  An orc warlord (Orc)
  The ghost of Tiareth the Carver, a journeyman HuFi of Okawaru (Lair:5)
  A minotaur (Lair:6)
  2 fire dragons (Lair:6)
  12 hydras
  A shambling mangrove (Swamp:2)
  2 ghost crabs
  3 ice dragons (Swamp:3)
  9 anacondas
  10 alligators
  A two-headed ogre (Orc)
  A dancing weapon (Swamp:3)
  A tengu warrior (D:9)
  An orc high priest (Orc)
  3 death yaks (Lair:4)
  4 naga sharpshooters (Snake:1)
  3 shock serpents
  2 goliath frogs
  5 spriggans
  A skeletal warrior (D:9)
  A death drake (Swamp:3)
  3 spriggan druids
  2 swamp dragons
  5 orc knights (Orc)
  2 cyclopes (Orc)
  A lindwurm (Lair:6)
  3 naga ritualists
  3 oklob plants
  4 mana vipers
  6 orc sorcerers (Orc)
  A naga mage (Snake:2)
  A deep elf mage (D:9)
  A moth of wrath (Swamp:3)
  An elephant (D:9)
  5 guardian serpents
  4 will-o'-wisps (Swamp:2)
  15 cane toads
  23 black mambas
  6 torpor snails
  A dryad (D:9)
  2 komodo dragons
  5 rime drakes
  4 freezing wraiths (Swamp:3)
  An eye of draining (D:8)
  4 trolls
  18 hornets
  Prince Ribbit (D:9)
  21 tyrant leeches
  13 blink frogs
  12 saltlings (Orc)
  9 bog bodies
  10 slime creatures
  5 hippogriffs
  7 dream sheep (Lair:5)
  Sigmund (D:4)
  A basilisk (shapeshifter) (D:9)
  5 steam dragons
  3 basilisks
  A hungry ghost (D:7)
  30 yaks
  3 hogs (Swamp:2)
  12 vampire mosquitoes
  2 swamp worm simulacra (Swamp:3)
  18 swamp worms
  10 nagas
  3 wargs (Orc)
  6 water moccasins
  16 hydra simulacra (Swamp:3)
  8 crocodiles
  4 porcupines
  10 swamp drakes
  14 orc warriors
  2 ice beasts
  2 black bears
  9 ogres
  2 phantoms
  4 boggarts (Swamp:3)
  10 wolves (Lair:5)
  10 bullfrogs
  2 kobold brigands
  4 centaurs
  2 scorpions
  16 killer bees
  A statue (D:9)
  10 wights
  An electric eel (Lair:4)
  A howler monkey (D:9)
  7 orc priests
  3 crimson imps
  17 orc wizards
  A bullfrog skeleton (D:7)
  2 hounds
  4 iguanas
  3 worker ants
  A killer bee zombie (D:6)
  2 hound skeletons
  4 gnolls (D:5)
  A howler monkey skeleton (D:4)
  17 adders
  A hound simulacrum (D:9)
  A shadow imp (D:6)
  2 oozes
  6 swamp drake simulacra (Swamp:3)
  An adder zombie (D:5)
  4 adder skeletons
  2 worms
  A dart slug (D:1)
  7 leopard geckos
  45 orcs
  6 bats
  A bat zombie (D:2)
  4 giant cockroaches
  2 goblins
  11 hobgoblins
  13 jackals
  4 quokkas
  4 ball pythons
  4 frilled lizards
  9 kobolds
  6 rats
  A rat zombie (D:2)
  3 fungi
  3 pillars of salt (Orc)
  12 plants
710 creatures vanquished.

Vanquished Creatures (others)
  A tentacled monstrosity (Swamp:3)
  A nagaraja (Snake:2)
  A shambling mangrove (Swamp:3)
  2 hornets (Swamp:3)
  2 spriggans (Swamp:3)
  A swamp drake (Swamp:3)
  An orc (Orc)
  7 fungi (Lair:5)
  6 pillars of salt (Orc)
  21 plants
43 creatures vanquished.

Grand Total: 753 creatures vanquished

Notes
Turn   | Place    | Note
-------+----------+-------------------------------------------
     0 | D:1      | Galewind the Avariel Conjurer began the quest for the Orb.
     0 | D:1      | Reached XP level 1. HP: 10/10 MP: 6/6
   158 | D:1      | Reached XP level 2. HP: 15/15 MP: 4/7
   235 | D:1      | Reached skill level 6 in Conjurations
   302 | D:1      | Learned a level 2 spell: Searing Ray
   478 | D:1      | Reached XP level 3. HP: 19/19 MP: 3/9
   482 | D:1      | Learned a level 3 spell: Iskenderun's Mystic Blast
  1223 | D:2      | Found a faded altar of an unknown god.
  1223 | D:2      | Found a corrupted altar of Lugonu.
  1231 | D:2      | Found a basalt altar of Yredelemnul.
  1238 | D:2      | Found a faded altar of an unknown god.
  1240 | D:2      | Found a radiant altar of Vehumet.
  1313 | D:2      | Became a worshipper of Vehumet
  1621 | D:2      | Found a shattered altar of Ashenzari.
  1627 | D:2      | Reached XP level 4. HP: 24/24 MP: 8/11
  1776 | D:2      | Found an ancient bone altar of Kikubaaqudgha.
  1882 | D:3      | Noticed a bullfrog
  2034 | D:2      | Killed a bullfrog
  2035 | D:2      | Reached skill level 7 in Conjurations
  2035 | D:2      | Reached XP level 5. HP: 18/28 MP: 3/13
  2523 | D:3      | Reached * piety under Vehumet
  2523 | D:3      | Offered knowledge of Sting by Vehumet.
  2542 | D:3      | Reached skill level 5 in Spellcasting
  2602 | D:3      | Noticed a phantom
  2611 | D:3      | Killed a phantom
  2612 | D:3      | Reached XP level 6. HP: 32/32 MP: 4/16
  2704 | D:3      | Reached skill level 8 in Conjurations
  3225 | D:4      | Reached XP level 7. HP: 35/36 MP: 12/18
  3462 | D:4      | Reached skill level 9 in Conjurations
  3685 | D:4      | Noticed Sigmund
  3691 | D:4      | Killed Sigmund
  3692 | D:4      | Reached XP level 8. HP: 42/42 MP: 14/21
  3733 | D:4      | Found a staircase to the Ecumenical Temple.
  3740 | Temple   | Entered the Ecumenical Temple
  3943 | D:4      | Reached ** piety under Vehumet
  3987 | D:4      | Offered knowledge of Shock by Vehumet.
  4470 | D:5      | Entered Level 5 of the Dungeon
  4604 | D:5      | Found Mid Amix's Assorted Antiques.
  4609 | D:5      | Bought a scroll labeled HUUDIEGEVU for 26 gold pieces
  4609 | D:5      | Bought a scroll of identify for 52 gold pieces
  4931 | D:5      | Reached skill level 10 in Conjurations
  5106 | D:5      | Got a translucent silver amulet
  5622 | D:6      | Reached skill level 11 in Conjurations
  5623 | D:6      | Gained mutation: You can fly continuously. [Avariel growth]
  5623 | D:6      | Reached XP level 9. HP: 18/46 MP: 21/24
  5628 | D:6      | Offered knowledge of Mephitic Cloud by Vehumet.
  5834 | D:6      | Found a sacrificial altar of Ru.
  5847 | D:6      | Reached skill level 1 in Fighting
  5992 | D:6      | Found an opulent altar of Gozag.
  6012 | D:6      | Found a glowing golden altar of the Shining One.
  6015 | D:6      | Found a burning altar of Makhleb.
  6220 | D:6      | Identified the cursed amulet "Cewkeklewk" {Inacc *Contam
                  | +Fly rF+} (You found it on level 5 of the Dungeon)
  6248 | D:6      | Gained mutation: Your body sometimes deteriorates upon
                  | taking damage. [mutagenic glow]
  6597 | D:6      | Reached skill level 10 in Spellcasting
  6599 | D:6      | Reached skill level 12 in Conjurations
  6679 | D:7      | Reached *** piety under Vehumet
  6812 | D:7      | Reached skill level 5 in Dodging
  6978 | D:7      | Found Nodus's Gadget Shop.
  7021 | D:7      | Found an ornate altar of the Wu Jian Council.
  7206 | D:7      | Found a shimmering altar of Xom.
  7404 | D:8      | Reached skill level 13 in Conjurations
  7404 | D:8      | Reached XP level 10. HP: 53/53 MP: 17/26
  7526 | D:8      | Offered knowledge of Ignite Poison by Vehumet.
  7675 | D:8      | Found Sopeal's Distillery.
  7728 | D:8      | Bought a potion of flight for 60 gold pieces
  7728 | D:8      | Bought a potion of might for 60 gold pieces
  7728 | D:8      | Bought a potion of ambrosia for 60 gold pieces
  7728 | D:8      | Bought a potion of haste for 150 gold pieces
  7728 | D:8      | Bought a potion of brilliance for 60 gold pieces
  7728 | D:8      | Bought a potion of agility for 60 gold pieces
  7736 | D:8      | Found a snail-covered altar of Cheibriados.
  8003 | D:8      | Found a staircase to the Orcish Mines.
  8043 | D:8      | Found a shimmering blue altar of Sif Muna.
  8188 | D:8      | Found a bloodstained altar of Trog.
  8244 | D:8      | Reached skill level 14 in Conjurations
  8388 | D:9      | Found a staircase to the Lair.
  8391 | D:9      | Noticed an elephant
  8397 | D:9      | Killed an elephant
  8468 | D:9      | Noticed a tengu warrior
  8471 | D:9      | Killed a tengu warrior
  8501 | D:9      | Reached **** piety under Vehumet
  8620 | D:9      | Offered knowledge of Yara's Violent Unravelling by Vehumet.
  8620 | D:9      | Noticed a deep elf mage
  8621 | D:9      | Reached XP level 11. HP: 44/57 MP: 25/29
  8625 | D:9      | Killed a deep elf mage
  8626 | D:9      | Reached skill level 15 in Conjurations
  8628 | D:9      | Noticed a four-headed hydra
  8653 | D:9      | Noticed an eight-headed hydra
  8770 | D:9      | Killed an eight-headed hydra
  8829 | D:9      | Noticed a four-headed hydra
  8833 | D:9      | Killed a four-headed hydra
  8841 | D:9      | Killed a four-headed hydra
  9053 | D:9      | Noticed a skeletal warrior
  9057 | D:9      | Killed a skeletal warrior
  9327 | D:9      | Got a smoking brass ring
  9495 | D:9      | Noticed Prince Ribbit
  9497 | D:9      | Killed Prince Ribbit
  9604 | D:9      | Identified the ring of Greed {+Inv rElec AC+3 Dex+5} (You
                  | found it on level 9 of the Dungeon)
  9643 | Lair:1   | Entered Level 1 of the Lair of Beasts
  9770 | Lair:1   | Learned a level 7 spell: Orb of Destruction
  9861 | Lair:1   | Found an iron altar of Okawaru.
 10418 | Lair:1   | Learned a level 5 spell: Freezing Cloud
 10504 | Lair:2   | Noticed a seven-headed hydra
 10509 | Lair:2   | Killed a seven-headed hydra
 10556 | Lair:2   | Reached XP level 12. HP: 66/66 MP: 20/31
 10725 | Lair:2   | Found a dark tunnel.
 11003 | Lair:2   | Learned a level 4 spell: Sticky Flame
 11051 | Lair:2   | Found a staircase to the Swamp.
 11058 | Lair:2   | Reached skill level 10 in Dodging
 11478 | Lair:2   | Reached skill level 5 in Fighting
 11478 | Lair:2   | Reached skill level 1 in Fire Magic
 11986 | Lair:3   | Found a transporter.
 11989 | Lair:3   | Noticed tronn's ghost (journeyman GnAc)
 11994 | Lair:3   | Noticed a death yak
 12023 | Lair:3   | Found a transporter.
 12089 | Lair:3   | Reached skill level 1 in Air Magic
 12174 | Lair:3   | Learned a level 5 spell: Iskenderun's Battlesphere
 12182 | Lair:3   | Reached skill level 1 in Staves
 12182 | Lair:3   | Reached skill level 1 in Ice Magic
 12332 | Lair:3   | Reached skill level 1 in Charms
 12485 | Lair:3   | Found a staircase to the Snake Pit.
 12983 | Lair:4   | Noticed Rupert
 13016 | Lair:4   | Killed Rupert
 13116 | Lair:4   | Noticed a death yak
 13117 | Lair:4   | Noticed a death yak
 13126 | Lair:4   | Killed a death yak
 13126 | Lair:4   | Reached ***** piety under Vehumet
 13126 | Lair:4   | Offered knowledge of Throw Icicle by Vehumet.
 13129 | Lair:4   | Killed a death yak
 13130 | Lair:4   | Reached XP level 13. HP: 72/72 MP: 26/32
 13197 | Lair:4   | Reached skill level 5 in Charms
 13317 | Lair:4   | Reached skill level 5 in Staves
 13784 | Lair:4   | Identified a scroll of acquirement
 13796 | Lair:4   | Identified the +6 plate armour of Shadows and Fog {+Blink
                  | rElec rPois Dex+3} (You acquired it on level 4 of the Lair
                  | of Beasts)
 13796 | Lair:4   | Identified the Compendium of Conjuration (You acquired it
                  | on level 4 of the Lair of Beasts)
 14230 | Lair:5   | Got a faintly glowing hand axe
 14337 | Lair:5   | Reached skill level 1 in Axes
 14446 | Lair:5   | Got a creamy pearl robe
 14705 | Lair:5   | Found a staircase to the Elven Halls.
 14738 | Lair:5   | Identified the +1 robe of Rationality {rPois Dex+2} (You
                  | found it on level 5 of the Lair of Beasts)
 14815 | Lair:6   | Entered Level 6 of the Lair of Beasts
 14896 | Lair:6   | Found a runed translucent gate.
 14955 | Lair:6   | Found a runed translucent gate.
 14956 | Lair:6   | Found a runed translucent gate.
 15407 | Lair:6   | Found the +0 pair of hand wraps "Fists of Thunder" {elec,
                  | rElec Slay+2}
 15475 | Lair:6   | Noticed Tiareth's ghost (journeyman HuFi)
 15480 | Lair:6   | Noticed a minotaur
 15526 | Lair:6   | Offered knowledge of Venom Bolt by Vehumet.
 15768 | Lair:6   | Noticed a fire dragon
 15775 | Lair:6   | Killed a fire dragon
 15776 | Lair:6   | Reached XP level 14. HP: 46/78 MP: 15/33
 16084 | Lair:6   | Found a runed door.
 16234 | Lair:6   | Reached skill level 10 in Staves
 16455 | Lair:5   | Killed Tiareth's ghost
 16787 | Orc      | Entered the Orcish Mines
 16787 | Orc      | Found a roughly hewn altar of Beogh.
 17170 | Orc      | Found a staircase to the Slime Pits.
 17170 | Orc      | Found a viscous altar of Jiyva.
 17333 | Orc      | Reached skill level 16 in Conjurations
 17645 | Orc      | Found Ucessez's Jewellery Shop.
 17664 | Orc      | Noticed an orc warlord
 17675 | Orc      | Killed an orc warlord
 17680 | Orc      | Reached skill level 17 in Conjurations
 17782 | Orc      | Found Baubewoos's Food Shoppe.
 17783 | Orc      | Found a roughly hewn altar of Beogh.
 17785 | Orc      | Found Fawisch's General Store.
 17823 | Orc      | Found Fitoukh's Weapon Shoppe.
 18088 | D:5      | Bought a hardcover book for 390 gold pieces
 18232 | Orc      | Learned a level 5 spell: Fireball
 18371 | Swamp:1  | Entered Level 1 of the Swamp
 18448 | Swamp:1  | Reached XP level 15. HP: 84/84 MP: 33/35
 18494 | Swamp:1  | Offered knowledge of Bolt of Cold by Vehumet.
 18506 | Swamp:1  | Learned a level 6 spell: Bolt of Cold
 18886 | Swamp:1  | Reached skill level 5 in Fire Magic
 19437 | Swamp:2  | Noticed a thorn hunter
 19444 | Swamp:2  | Killed a thorn hunter
 19684 | Swamp:2  | Noticed Kirke
 19690 | Swamp:2  | Killed Kirke
 20284 | Swamp:3  | Entered Level 3 of the Swamp
 20423 | Swamp:3  | Noticed a thorn hunter
 20543 | Swamp:3  | Offered knowledge of Mana Rupture by Vehumet.
 20587 | Swamp:3  | Reached skill level 5 in Ice Magic
 20653 | Swamp:3  | Killed a thorn hunter
 20753 | Swamp:3  | Found a runed translucent door.
 20754 | Swamp:3  | Found a shimmering altar of Xom.
 20754 | Swamp:3  | Noticed Rhok's ghost (adept GrEE)
 20799 | Swamp:3  | Reached XP level 16. HP: 96/96 MP: 21/36
 20964 | Swamp:3  | Killed a tentacled monstrosity
 21664 | Swamp:3  | Got a decaying rune of Zot
 21891 | Snake:1  | Entered Level 1 of the Snake Pit
 22019 | Snake:1  | Reached ****** piety under Vehumet
 22081 | Snake:1  | Reached skill level 10 in Ice Magic
 22116 | Snake:1  | Offered knowledge of Icicle Burst by Vehumet.
 22117 | Snake:1  | Reached skill level 10 in Fighting
 22133 | Snake:1  | Learned a level 7 spell: Icicle Burst
 22138 | Snake:1  | Identified the +10 battleaxe of Shame {antimagic, *Rage
                  | Str+3 Dex+3 Stlth+}
 22217 | Snake:1  | Noticed a nagaraja
 22224 | Snake:1  | Killed a nagaraja
 22247 | Snake:1  | Noticed a nagaraja
 22482 | Snake:1  | Killed a nagaraja
 22561 | Snake:1  | Found Hyrim's Book Boutique.
 22699 | Snake:1  | Identified the ring "Ilyubof" {Ice MR- Int+4}
 22902 | Snake:1  | Found a shadowy altar of Dithmenos.
 23201 | Swamp:3  | Killed Rhok's ghost
 23210 | Swamp:3  | Identified the ring "Bokhli" {rN+ MP-9 AC+4 Dex+4}
 23745 | D:5      | Bought a golden potion for 23 gold pieces
 24179 | Snake:1  | Identified the cursed +0 pair of boots of Jaschud {rElec
                  | rN+ Str-2}
 24418 | Snake:1  | Learned a level 6 spell: Ozocubu's Refrigeration
 24445 | Snake:2  | Noticed a nagaraja
 24445 | Snake:2  | Noticed a nagaraja
 24445 | Snake:2  | Noticed a nagaraja
 24445 | Snake:2  | Noticed a nagaraja
 24449 | Snake:2  | Reached XP level 17. HP: 21/102 MP: 37/37
 24449 | Snake:2  | HP: 5/102 [nagaraja/+0 whip (15)]
 24450 | Snake:1  | HP: 2/102 [poisoned by a guardian serpent (bolt of poison)]
 24453 | Snake:1  | Succumbed to a guardian serpent's bolt of poison

Skill      XL: |  1  2  3  4  5  6  7  8  9 10 11 12 13 14 15 16 |
---------------+-------------------------------------------------+-----
Conjurations   | 6 7 8 9 11 13 14 15 17 | 17.0
Spellcasting   | 3 4 5 6 7 9 10 12 13 14 | 14.0
Dodging        | 3 4 5 9 10 13 | 13.2
Fighting       | 2 4 5 6 9 10 | 10.0
Fire Magic     | 4 8 |  8.3
Air Magic      | 7 |  7.0
Staves         | 3 8 11 | 11.1
Ice Magic      | 4 6 10 | 10.0
Charms         | 3 6 |  6.0
Axes           | 4 |  4.8
Stealth        | |  2.1
Evocations     | |  0.1

Action                   |  1- 3 |  4- 6 |  7- 9 | 10-12 | 13-15 | 16-18 || total
-------------------------+-------+-------+-------+-------+-------+-------++-------
Melee: Unarmed           |     7 |       |     5 |       |       |       ||    12
       Staff             |       |       |       |     1 |     2 |       ||     3
       Lajatang          |       |       |       |       |     1 |       ||     1
 Cast: Magic Dart        |    76 |   104 |    30 |       |       |       ||   210
       Iskenderun's Myst |       |     5 |    75 |   225 |   451 |   147 ||   903
       Searing Ray       |       |     3 |    23 |     1 |       |       ||    27
       Freezing Cloud    |       |       |       |     8 |    66 |    15 ||    89
       Orb of Destructio |       |       |       |     3 |     4 |       ||     7
       Sticky Flame      |       |       |       |     2 |     3 |     5 ||    10
       Iskenderun's Batt |       |       |       |       |    52 |    25 ||    77
       Bolt of Cold      |       |       |       |       |    17 |    12 ||    29
       Fireball          |       |       |       |       |     8 |    29 ||    37
       Icicle Burst      |       |       |       |       |       |    12 ||    12
       Ozocubu's Refrige |       |       |       |       |       |     3 ||     3
Evoke: Wand              |       |       |     1 |       |       |     1 ||     2
  Use: Scroll            |     2 |     1 |     3 |     6 |     9 |     5 ||    26
       Potion            |       |     1 |     1 |     1 |     1 |     2 ||     6
  Eat: Chunk             |     2 |     4 |    16 |    18 |    27 |     7 ||    74
       Ration            |       |     1 |       |     1 |     2 |     2 ||     6
Armor: Robe              |     8 |     7 |    14 |     5 |     8 |    15 ||    57
       Troll leather arm |       |       |       |     3 |     8 |       ||    11
Dodge: Dodged            |    23 |    23 |    68 |    39 |    80 |    63 ||   296
